 Dungeon Crawl Stone Soup version 0.16-a0-4123-g49b462e (console) character file.

64 MrRokkomies the Insei (level 4, -5/32 HPs)
             Began as a Human Transmuter on Mar 2, 2015.
             Slain by an orc
             ... wielding a +0 flail
              (8 damage)
             ... on level 3 of the Dungeon.
             The game lasted 00:06:58 (1544 turns).

MrRokkomies the Insei (Human Transmuter)            Turns: 1544, Time: 00:06:59

Health: -5/32      AC:  5    Str: 10    XL:     4   Next: 32%
Magic:  5/7        EV: 11    Int: 13    God:
Gold:   51         SH:  0    Dex: 15    Spells: 3 memorised, 1 level left

rFire  . . .     SeeInvis .       - Unarmed
rCold  . . .     Clarity  .     k - +0 ring mail
rNeg   . . .     SustAb   .     (no shield)
rPois  .         Gourm    .     (no helmet)
rElec  .         Spirit   .     (no cloak)
rCorr  .         Warding  .     (no gloves)
rMut   .         Stasis   .     (boots unavailable)
MR     .....                    l - amulet of rage
Stlth  +.........               (no ring)
                                (no ring)

@: appendage, very slightly contaminated, not resistant to hostile enchantments,
very unstealthy
A: talons 3
a: End Transformation, Evoke Berserk Rage


You were on level 3 of the Dungeon.
You were not hungry.
You had grown temporary talons.
You visited 1 branch of the dungeon, and saw 3 of its levels.

You collected 51 gold pieces.

Inventory:

Missiles
 b - 25 arrows
 j - 2 throwing nets (quivered)
Armour
 k - a +0 ring mail (worn)
Jewellery
 l - an amulet of rage (around neck)
Scrolls
 e - a scroll of magic mapping
Potions
 c - 2 potions of curing {unknown}
 g - a potion of mutation {unknown}
 i - a potion of restore abilities {unknown}
Books
 d - a book of Changes

   Spells                             Type                      Level
   a - Beastly Appendage              Transmutation                1
   b - Sticks to Snakes               Transmutation                2
   c - Spider Form                    Transmutation/Poison         3
   d - Ice Form                       Ice/Transmutation            4
   e - Blade Hands                    Transmutation                5
Comestibles
 a - 2 bread rations
 f - a royal jelly
 h - 2 meat rations


   Skills:
 - Level 1.0 Fighting
 * Level 3.3 Dodging
 * Level 4.0 Unarmed Combat
 - Level 2.0 Spellcasting
 + Level 2.0 Transmutations


You had one spell level left.
You knew the following spells:

 Your Spells              Type           Power        Failure   Level  Hunger
a - Beastly Appendage     Trmt           #.....       30%         1    ##.....
b - Sticks to Snakes      Trmt           #.........   43%         2    ###....
c - Spider Form           Trmt/Pois      #.........   95%         3    ####...


Dungeon Overview and Level Annotations

Branches:
Dungeon (3/15)

Altars:

Annotations:
D:2 Robin


Innate Abilities, Weirdness & Mutations

You have claws for feet.


Message History

* * * LOW HITPOINT WARNING * * *
You are too injured to fight recklessly!
You are too injured to fight recklessly!
You are too injured to fight recklessly!
Casting: Beastly Appendage
Confirm with . or Enter, or press ? or * to list all spells.
You miscast Beastly Appendage.
You are very lightly contaminated with residual magic.
Strange energies run through your body.
Casting: Beastly Appendage
Confirm with . or Enter, or press ? or * to list all spells.
Your feet morph into talons.
The orc barely misses you.
You hit the orc but do no damage. You claw the orc, but do no damage.
The orc hits you with a flail.
* * * LOW HITPOINT WARNING * * *
You closely miss the orc. The orc hits you with a flail.
* * * LOW HITPOINT WARNING * * *
You hit the orc but do no damage. You claw the orc, but do no damage.
The orc hits you with a flail!
You die...

.# #. .. .#
#####.###.#
#......hh.#
#h..# #o###
#@# #.# #.#
#.# ..# ###


You could see an orc and a jackal.

Vanquished Creatures
  An adder (D:2)
  A worm (D:2)
  A giant gecko (D:3)
  7 orcs (D:3)
  2 giant cockroaches
  2 goblins
  4 hobgoblins (D:1)
  5 jackals
  6 kobolds
  A quokka (D:3)
  A bat (D:1)
  A giant newt (D:1)
  6 rats (D:1)
38 creatures vanquished.

Notes
Turn   | Place    | Note
--------------------------------------------------------------
     0 | D:1      | MrRokkomies, the Human Transmuter, began the quest for the Orb.
     0 | D:1      | Reached XP level 1. HP: 15/15 MP: 3/3
   330 | D:1      | Reached XP level 2. HP: 21/21 MP: 4/4
   763 | D:1      | Reached XP level 3. HP: 26/26 MP: 6/6
   767 | D:1      | Learned a level 2 spell: Sticks to Snakes
   771 | D:1      | Learned a level 3 spell: Spider Form
  1236 | D:2      | Noticed Robin
  1262 | D:3      | Reached XP level 4. HP: 12/32 MP: 5/7
  1532 | D:3      | Reached skill level 4 in Unarmed Combat
  1544 | D:3      | Slain by an orc

Action                   |  1- 3 |  4- 6 || total
-------------------------+-------+-------++-------
Melee: Unarmed           |   130 |    32 ||   162
 Cast: Beastly Appendage |     7 |     2 ||     9
  Use: Scroll            |     4 |     1 ||     5
       Potion            |     1 |       ||     1
  Eat: Chunk             |     1 |     1 ||     2
